Map: [ESL] Gresvan

Players

Serral

  • Race: Zerg Zerg
  • League: Diamond
  • Spawn Location: 11:00

Dark - Winner!

  • Race: Zerg Zerg
  • Spawn Location: 5:00

Event: ESL SC2 Masters 2023 Summer (Finals)

VOD

Have the link to the VOD?

Description

Time

  • Played on: June 16, 2023, 12:22 p.m.
  • Length: 3:57

All games in this series

Show
View Real Time Build Order
Export as new Build Order

Serral Zerg 

Build Orders: Hatch First 

Get SALT Encoding   

  12  0:00  Drone  
  13  0:12  Overlord  
  13  0:17  Drone  
  14  0:30  Drone x2  
  16  0:47  Hatchery  
  15  0:50  Drone  
  15  0:54  Drone  
  17  0:58  Drone  
  18  1:10  Extractor  
  17  1:12  Spawning Pool  
  17  1:15  Drone  
  17  1:18  Drone  
  18  1:28  Drone  
  19  1:38  Drone  
  20  1:49  Drone  
  21  1:59  Queen x2  
  21  2:00  Overlord, Zergling x2  
  26  2:10  Drone x2  
  26  2:13  Metabolic Boost  
  28  2:21  Drone, Zergling x2  
  30  2:32  Hatchery  
  30  2:34  Drone  
  30  2:37  Drone  
  30  2:43  Drone  
  30  2:44  Drone  
  33  2:47  Baneling Nest  
  32  2:55  Roach Warren  
  31  3:01  Drone  
  31  3:03  Overlord  
  32  3:07  Drone x2  
  32  3:10  Drone  
  32  3:12  Zergling x2  
  35  3:23  Zergling x10  
  35  3:26  Evolution Chamber x2  
  39  3:30  Zergling x2  
  39  3:33  Baneling  
  40  3:36  Zergling x2  
Show
View Real Time Build Order
Export as new Build Order

Dark Zerg - Winner!

Build Orders: Hatch First 

Get SALT Encoding   

  12  0:00  Drone  
  13  0:11  Overlord  
  13  0:16  Drone  
  14  0:30  Drone x2  
  16  0:47  Hatchery  
  15  0:50  Drone  
  15  0:53  Extractor  
  15  1:06  Spawning Pool  
  15  1:10  Drone  
  15  1:13  Drone  
  17  1:18  Drone  
  17  1:22  Drone  
  18  1:36  Drone  
  19  1:44  Drone  
  20  1:54  Queen  
  20  1:55  Metabolic Boost  
  20  2:00  Zergling x2  
  23  2:02  Zergling x2  
  23  2:04  Queen  
  26  2:13  Overlord  
  26  2:18  Zergling x2  
  26  2:20  Zergling x2  
  28  2:35  Hatchery, Zergling x2  
  28  2:39  Zergling x2  
  29  2:44  Zergling x4  
  31  2:51  Overlord  
  31  2:52  Zergling x2  
  31  2:55  Zergling x2  
  33  2:59  Zergling x2  
  34  3:06  Zergling x4  
  34  3:10  Zergling x4  
  38  3:13  Zergling x2  
  38  3:19  Zergling x6  
  42  3:22  Zergling x2  
  42  3:38  Zergling x6  
Tags
 
Add a new tag
Caveats
  • Supply blocks, unpowered buildings, or Contaminate may cause inaccurate times.
  • Supply counts are checked every 10 seconds.